 Dungeon Crawl Stone Soup version 0.29-a0-356-g7bc237e783 (webtiles) character file.

Game seed: 3187078049688190315

104554 siradein the Zephyrmancer (level 16, -18/96 HPs)
             Began as a Tengu Air Elementalist on Apr 25, 2022.
             Was a High Priest of Vehumet.
             Demolished by a spriggan defender simulacrum (25 damage)
             ... in an ice cave on Apr 26, 2022.
             The game lasted 02:40:23 (33954 turns).

siradein the Zephyrmancer (Tengu Air Elementalist) Turns: 33954, Time: 02:40:24

Health: -18/96     AC: 19    Str:  9    XL:     16   Next: 39%
Magic:  13/31      EV: 20    Int: 23    God:    Vehumet [*****.]
Gold:   3144       SH: 15    Dex: 15    Spells: 6/35 levels left

rFire   . . .      SeeInvis +   n - staff of conjuration
rCold   . . .      Faith    .   j - +3 warlock's mirror {reflect}
rNeg    . . .      Spirit   .   Z - +0 troll leather armour
rPois   .          Reflect  +   T - +0 hat {SInv}
rElec   .          Harm     .   A - +0 cloak
rCorr   .          Rampage  .   i - +0 pair of gloves
Will    +....                   (boots unavailable)
Stlth   +++++.....              K - amulet of reflection
HPRegen 1.06/turn               g - +4 ring of protection
MPRegen 0.22/turn               O - ring of the Tortoise {AC+8}

@: flying quickly and evasively, studying Staves, quick
A: beak, talons 3, nimble flight
a: Renounce Religion


You were in an ice cave.
You worshipped Vehumet.
Vehumet was extremely pleased with you.
You visited 4 branches of the dungeon, and saw 24 of its levels.
You also visited: Bailey and Ice Cave.

You collected 3508 gold pieces.
You spent 364 gold pieces at shops.

Inventory:

Missiles
 o - 6 throwing nets
Armour
 i - a +0 pair of gloves (worn)
 j - the +3 warlock's mirror (worn) {reflect}
   (You acquired it on level 5 of the Dungeon)

   It can block and reflect piercing ranged attacks and magical attacks against
   the wielder's willpower.
 A - a +0 cloak (worn)
 T - a +0 hat of see invisible (worn)
 Z - a +0 troll leather armour (worn)
Magical Staves
 n - a staff of conjuration (weapon)
Jewellery
 g - a +4 ring of protection (left hand)
 s - a ring of poison resistance
 J - a ring of fire
 K - an amulet of reflection (around neck)
 O - the ring of the Tortoise (right hand) {AC+8}
   (You found it on level 1 of the Lair of Beasts)

   [ring of protection]

   AC:        It affects your AC (+8).
 W - a ring of ice
Wands
 f - a wand of paralysis (5)
 t - a wand of charming (5)
 x - a wand of iceblast (13)
 B - a wand of acid (14)
 M - a wand of flame (18)
 R - a wand of mindburst (9)
 V - a wand of polymorph (9)
 X - a wand of digging (11)
Scrolls
 k - a scroll of blinking
 l - a scroll of amnesia
 r - 7 scrolls of magic mapping
 u - 9 scrolls of teleportation
 v - 2 scrolls of immolation
 y - 4 scrolls of fog
 C - a scroll of holy word
 E - 6 scrolls of summoning
 H - 3 scrolls of fear
 I - a scroll of vulnerability {unknown}
 P - a scroll of enchant weapon {unknown}
 S - a scroll of brand weapon {unknown}
Potions
 a - 2 potions of cancellation
 b - 2 potions of magic
 c - 3 potions of invisibility
 d - 2 potions of lignification
 e - 3 potions of mutation
 h - 7 potions of curing
 p - 5 potions of heal wounds
 q - 10 potions of attraction
 z - 9 potions of degeneration {unknown}
 D - 2 potions of flight {unknown}
 F - 6 potions of might {unknown}
 G - 2 potions of haste {unknown}
 L - a potion of brilliance {unknown}
 N - 11 potions of ambrosia
Miscellaneous
 w - a lightning rod (4/4)
 Q - a phial of floods
 U - a phantom mirror
 Y - a condenser vane


   Skills:
 + Level 9.6 Fighting
 + Level 6.7 Armour
 + Level 12.0 Dodging
 + Level 11.9 Stealth
 + Level 10.1 Shields
 + Level 10.1 Spellcasting
 + Level 13.9 Conjurations
 + Level 2.1 Translocations
 + Level 6.6 Fire Magic
 + Level 14.2 Air Magic
 + Level 5.4 Evocations


You had 6 spell levels left.
You knew the following spells:

 Your Spells              Type           Power      Damage    Failure   Level
a - Shock                 Conj/Air       100%       1d9       1%          1
b - Static Discharge      Conj/Air       85%        N/A       1%          2
c - Swiftness             Air            67%        N/A       1%          3
d - Airstrike             Air            33%        N/A       1%          4
e - Iskenderun's Mystic   Conj/Tloc      64%        2d13      1%          4
f - Conjure Flame         Conj/Fire      73%        6-21      1%          3
g - Fireball              Conj/Fire      36%        3d15      1%          5
h - Iskenderun's Battles  Conj           85%        2d13      1%          5
i - Blink                 Tloc           42%        N/A       6%          2

Your spell library contained the following spells:

 Spells                   Type           Power      Damage    Failure   Level
 Eringya's Noxious Bog    Tmut/Pois      5%         N/A       96%         6
 Foxfire                  Conj/Fire      100%       2x1d9     1%          1
 Dazzling Flash           Conj/Hex       100%       N/A       1%          3
 Inner Flame              Hex/Fire       26%        N/A       1%          3
 Mephitic Cloud           Conj/Pois/Air  70%        N/A       1%          3
 Stone Arrow              Conj/Erth      100%       3d13      1%          3
 Flame Wave               Conj/Fire      73%        2d13      1%          4
 Fulminant Prism          Conj/Hex       30%        3d16      1%          4
 Sticky Flame             Conj/Fire      73%        2d9       1%          4
 Freezing Cloud           Conj/Ice/Air   35%        6-21      1%          5
 Apportation              Tloc           42%        N/A       3%          1
 Ignite Poison            Fire/Tmut/Pois 21%        N/A       3%          3
 Starburst                Conj/Fire      36%        6d11      5%          6
 Animate Skeleton         Necr           22%        N/A       9%          1
 Pain                     Necr           44%        1d6       9%          1
 Slow                     Hex            44%        N/A       9%          1
 Lesser Beckoning         Tloc           21%        N/A       12%         3
 Ensorcelled Hibernation  Hex/Ice        22%        N/A       14%         2
 Confusing Touch          Hex            11%        N/A       26%         3
 Ozocubu's Armour         Ice            11%        N/A       26%         3
 Spider Form              Tmut/Pois      11%        N/A       26%         3
 Summon Guardian Golem    Hex/Summ       11%        N/A       26%         3
 Tukima's Dance           Hex            11%        N/A       26%         3
 Vampiric Draining        Necr           11%        2d6       26%         3
 Passage of Golubria      Tloc           21%        N/A       36%         4
 Lee's Rapid Deconstruct  Erth           5%         3d7*      50%         5
 Yara's Violent Unravell  Hex/Tmut       5%         3d4       50%         5
 Anguish                  Hex/Necr       5%         N/A       65%         4
 Animate Armour           Summ/Erth      22%        N/A       65%         4
 Dispel Undead            Necr           11%        3d9       65%         4
 Leda's Liquefaction      Hex/Erth       5%         N/A       65%         4
 Manifold Assault         Tloc           21%        N/A       71%         5
 Summon Forest            Summ/Tloc      8%         N/A       85%         5
 Alistair's Intoxication  Tmut/Pois      7%         N/A       94%         5
 Metabolic Englaciation   Hex/Ice        5%         N/A       94%         5
 Simulacrum               Ice/Necr       5%         N/A       100%        6
 Statue Form              Tmut/Erth      7%         N/A       100%        6
 Orb of Destruction       Conj           42%        9d12      7%          7
 Spellforged Servitor     Conj/Summ      30%        N/A       71%         7
 Disjunction              Tloc           10%        N/A       100%        8
 Lehudib's Crystal Spear  Conj/Erth      30%        10d8      100%        8


Dungeon Overview and Level Annotations

Branches:
Dungeon (15/15)            Temple (1/1) D:5            Lair (6/6) D:9
 Shoals (0/4) Lair:4       Spider (0/4) Lair:2        Slime (0/5) Lair:6
    Orc (2/2) D:12            Elf (0/3) Orc:2        Vaults (0/5) D:13
 Depths (0/4) D:15         Bailey (visited)           IceCv (1/1)

Altars:
Ashenzari
Cheibriados
Dithmenos
Elyvilon
Gozag
Hepliaklqana
Kikubaaqudgha
Nemelex Xobeh
Okawaru
Ru
Trog
Vehumet
Wu Jian
Zin
Beogh

Shops:
D:4 =   Orc:1 [([   Orc:2 *:[(


Innate Abilities, Weirdness & Mutations

You have a beak for a mouth.
You have claws for feet.
Your magical nature lets you fly swiftly and evasively.


Message History

Casting: Shock (safe; 1% risk of failure)
Confirm with . or Enter, or press ? or * to list all spells.
You feel a surge of power!
You conjure a globe of magical energy.
The spriggan defender simulacrum closely misses you.
The spriggan defender simulacrum misses you.
The spriggan defender simulacrum hits your battlesphere!!
The spriggan defender simulacrum freezes your battlesphere.
Your battlesphere resists.
Your battlesphere is destroyed!
You feel a surge of power!
The zap hits the spriggan defender simulacrum.
The spriggan defender simulacrum is severely damaged.
The zap misses the spriggan defender simulacrum.
The spriggan defender simulacrum hits you but does no damage.
Unknown command.
Casting: Shock (safe; 1% risk of failure)
Confirm with . or Enter, or press ? or * to list all spells.
You feel a surge of power!
You conjure a globe of magical energy.
The spriggan defender simulacrum barely misses you.
The spriggan defender simulacrum hits you!
The spriggan defender simulacrum freezes you!!
You feel a surge of power!
The zap hits the spriggan defender simulacrum.
The spriggan defender simulacrum is severely damaged.
The zap hits the freezing wraith.
The freezing wraith is lightly damaged.
The zap hits the freezing wraith but does no damage.
The freezing wraith is lightly damaged.
Your battlesphere fires!
The barrage of energy hits the spriggan defender simulacrum!!
The spriggan defender simulacrum is severely damaged.
You block the spriggan defender simulacrum's attack.
The spriggan defender simulacrum hits you.
The spriggan defender simulacrum freezes you!!!
* * * LOW HITPOINT WARNING * * *
You block the spriggan defender simulacrum's attack.
The spriggan defender simulacrum hits you.
* * * LOW HITPOINT WARNING * * *
The spriggan defender simulacrum freezes you!!
You die...

. .. #### ... #
######..## ....#.
##..##....##
4.....###..Z*......#
.....°.#.W.Z@..∩.∩.#
#.4..##.......#
##..#####....## ####
##..## ####


You could see an ice devil (ally target), a freezing wraith, 2 spriggan defender
simulacra and a friendly battlesphere.

Vanquished Creatures
  2 orc warlords
  A very ugly thing (D:15)
  Josephine (Lair:5)
  6 boulder beetles
  Erolcha (D:9)
  4 vault guards (D:13)
  11 hydras
  2 centaur warriors (D:14)
  3 catoblepae
  The ghost of Caeppaus the Basher, a journeyman GrFi of Makhleb (Lair:3)
  Erica (Orc:1)
  3 two-headed ogres
  A deep troll shaman (Lair:6)
  4 tengu warriors
  9 death yaks
  5 orc high priests (Orc:2)
  Amaemon (Lair:1)
  Sonja (Lair:4)
  A deep elf knight (D:13)
  Nergalle (Lair:1)
  2 lindwurms (Lair:6)
  3 orc knights
  4 orc sorcerers
  A deep elf pyromancer (D:13)
  17 elephants
  14 ugly things
  3 manticores
  2 vault sentinels (D:12)
  The ghost of zeratav the Destroyer, a novice OpCj (D:7)
  A moth of wrath (D:7)
  9 black mambas
  A torpor snail (Lair:5)
  A gargoyle (D:13)
  An orange demon (Lair:1)
  16 cane toads
  Maggie (D:10)
  A freezing wraith (D:11)
  6 rime drakes
  A yaktaur (D:13)
  An efreet (D:14)
  10 komodo dragons
  2 tengu conjurers (D:13)
  A queen bee (Lair:2)
  8 trolls
  3 meliai (D:14)
  7 polar bears
  A hornet (D:9)
  20 blink frogs
  7 slime creatures
  A snapping turtle (Lair:4)
  12 dream sheep
  A vampire (D:12)
  2 shadows (D:10)
  Grum (Lair:1)
  7 wraiths
  4 basilisks
  50 yaks
  5 wyverns
  2 steam dragons
  10 vampire mosquitoes
  A warg (Orc:1)
  15 water moccasins
  6 ice beasts
  34 orc warriors
  2 black bears
  The ghost of Antichthon the Chopper, an amateur NaWr (D:3)
  12 ogres
  A wolf (shapeshifter) (D:15)
  3 centaurs
  24 wolves
  2 phantoms
  4 kobold brigands
  7 bullfrogs
  A necrophage (D:8)
  5 gnoll sergeants
  2 scorpions
  13 wights
  43 killer bees
  4 howler monkeys
  3 electric eels
  7 orc priests
  5 hounds
  5 jellies
  A gnoll shaman (D:8)
  2 iguanas (D:6)
  18 orc wizards
  2 hell rats (Lair:5)
  Robin (D:2)
  26 gnolls
  3 adders
  10 river rats (Lair:5)
  A white imp (D:6)
  A worm (D:2)
  2 dart slugs
  48 orcs
  9 bats
  5 endoplasms
  4 giant cockroaches
  15 hobgoblins
  A quokka (D:2)
  6 ball pythons
  A frilled lizard (D:3)
  17 goblins
  23 kobolds
  3 rats
  4 bushes (Lair:4)
702 creatures vanquished.

Vanquished Creatures (others)
  A yak (Lair:6)
  7 bushes (Lair:4)
  41 fulminant prisms
  101 fungi
  140 plants
  4 toadstools (D:6)
294 creatures vanquished.

Grand Total: 996 creatures vanquished

Notes
Turn   | Place    | Note
-------+----------+-------------------------------------------
     0 | D:1      | siradein the Tengu Air Elementalist began the quest for the
                  | Orb.
     0 | D:1      | Reached XP level 1. HP: 10/10 MP: 4/4
   247 | D:1      | Reached XP level 2. HP: 8/15 MP: 0/6
  1029 | D:1      | Reached XP level 3. HP: 19/19 MP: 3/7
  1356 | D:2      | Noticed Robin
  1497 | D:2      | Identified the +5 trident "Jutao" {elec, Will++ Str+4}
  1498 | D:2      | Found a faded altar of an unknown god.
  1731 | D:2      | Killed Robin
  1734 | D:2      | Reached XP level 4. HP: 22/24 MP: 1/8
  2231 | D:2      | Identified a scroll of acquirement
  2335 | D:3      | Learned a level 2 spell: Static Discharge
  2339 | D:3      | Learned a level 3 spell: Swiftness
  2492 | D:3      | Found a transporter.
  2741 | D:3      | Found a transporter.
  2748 | D:3      | Noticed Antichthon's ghost (amateur NaWr)
  2773 | D:3      | Gained mutation: Your magical nature lets you fly swiftly
                  | and evasively. [Tengu growth]
  2773 | D:3      | Reached XP level 5. HP: 28/28 MP: 10/10
  2856 | D:3      | Noticed a phantom
  2872 | D:3      | Killed a phantom
  2873 | D:3      | Reached skill level 5 in Air Magic
  2915 | D:3      | Found the +8 trident of the Octopus King {venom, rElec
                  | rPois}
  3202 | D:4      | Reached XP level 6. HP: 32/32 MP: 11/11
  3207 | D:4      | Learned a level 4 spell: Airstrike
  3277 | D:4      | Found Tyfaz's Jewellery Shop.
  3866 | D:4      | Identified the +1 spear of Cekocit {holy, rF+ SInv Stlth+}
  3934 | D:5      | Entered Level 5 of the Dungeon
  4185 | D:5      | Reached XP level 7. HP: 36/36 MP: 13/13
  4296 | D:5      | Found a staircase to the Ecumenical Temple.
  4306 | D:5      | Reached skill level 6 in Air Magic
  4313 | Temple   | Entered the Ecumenical Temple
  4472 | Temple   | Became a worshipper of Vehumet
  4612 | D:5      | Acquired the +3 warlock's mirror {reflect}
  4612 | D:5      | Found the +3 warlock's mirror {reflect}
  4671 | D:5      | Found a shadowy altar of Dithmenos.
  4671 | D:5      | Found a bloodstained altar of Trog.
  4719 | D:5      | Reached skill level 5 in Conjurations
  4756 | D:5      | Reached skill level 1 in Shields
  4756 | D:5      | Reached XP level 8. HP: 39/41 MP: 15/15
  4978 | D:6      | Identified the +0 ring mail of the Bagpipe {+Blink rElec}
  5046 | D:6      | Reached skill level 5 in Dodging
  5470 | D:6      | Reached skill level 5 in Stealth
  5551 | D:6      | Reached skill level 7 in Air Magic
  6080 | D:7      | Reached skill level 1 in Fighting
  6269 | D:7      | Found a transporter.
  6281 | D:7      | Noticed a moth of wrath
  6308 | D:7      | Reached XP level 9. HP: 47/47 MP: 17/17
  6467 | D:7      | Found a transporter.
  6477 | D:7      | Noticed zeratav's ghost (novice OpCj)
  6637 | D:8      | Found an opulent altar of Gozag.
  7083 | D:8      | Reached * piety under Vehumet
  7083 | D:8      | Offered knowledge of Magic Dart by Vehumet.
  7218 | D:8      | Reached skill level 5 in Spellcasting
  7541 | D:8      | Reached skill level 8 in Air Magic
  7873 | D:8      | Found a runed translucent door.
  7874 | D:8      | Noticed a purple ugly thing
  7874 | D:8      | Noticed a boulder beetle
  7876 | D:8      | Noticed a four-headed hydra
  7956 | D:9      | Noticed Erolcha
  7996 | D:9      | Found a flagged portal.
  8001 | D:9      | Reached ** piety under Vehumet
  8001 | D:9      | Offered knowledge of Freeze by Vehumet.
  8008 | D:9      | Noticed a hornet
  8017 | D:9      | Killed a hornet
  8018 | D:9      | Reached XP level 10. HP: 15/56 MP: 19/19
  8201 | Bailey   | Entered a bailey
  8331 | Bailey   | Noticed an orc warlord
  8438 | Bailey   | Found a runed translucent gate.
  8441 | Bailey   | Found a runed translucent gate.
  8443 | Bailey   | Found a runed translucent gate.
  9691 | Bailey   | Killed an orc warlord
  9980 | D:9      | Reached skill level 9 in Air Magic
 10174 | D:9      | Killed Erolcha
 10175 | D:9      | Reached skill level 5 in Shields
 10529 | D:9      | Reached XP level 11. HP: 45/62 MP: 21/21
 10536 | D:9      | Offered knowledge of Frozen Ramparts by Vehumet.
 10638 | D:9      | Learned a level 4 spell: Iskenderun's Mystic Blast
 10896 | D:9      | Found a sacrificial altar of Ru.
 11060 | D:9      | Found a staircase to the Lair.
 11111 | D:10     | Entered Level 10 of the Dungeon
 11330 | D:10     | Reached skill level 5 in Fighting
 11352 | D:10     | Noticed a tengu warrior
 11404 | D:10     | Noticed a tengu warrior
 11411 | D:10     | HP: 1/63 [tengu warrior/+0 long sword (4)]
 11574 | D:10     | Noticed a boulder beetle
 11851 | D:9      | Learned a level 3 spell: Conjure Flame
 12178 | D:10     | Killed a tengu warrior
 12231 | D:10     | Killed a tengu warrior
 12231 | D:10     | Reached *** piety under Vehumet
 12232 | D:10     | Reached skill level 10 in Air Magic
 12423 | D:10     | Noticed Maggie
 12442 | D:10     | Killed Maggie
 13046 | D:11     | Noticed a manticore
 13050 | D:11     | Killed a manticore
 13109 | D:11     | Acquired 1058 gold pieces
 13586 | Lair:1   | Entered Level 1 of the Lair of Beasts
 13835 | Lair:1   | Offered knowledge of Fulminant Prism by Vehumet.
 13929 | Lair:1   | Reached skill level 10 in Conjurations
 13934 | Lair:1   | Learned a level 4 spell: Fulminant Prism
 13984 | Lair:1   | Noticed a seven-headed hydra
 14004 | Lair:1   | Killed a seven-headed hydra
 14005 | Lair:1   | Reached XP level 12. HP: 37/70 MP: 15/23
 14134 | Lair:1   | Noticed Grum
 14149 | Lair:1   | Killed Grum
 14285 | Lair:1   | Found the ring of the Tortoise {AC+8}
 15068 | Lair:1   | Noticed Nergalle
 15102 | Lair:1   | Noticed Amaemon
 15454 | Lair:1   | Killed Nergalle
 15455 | Lair:1   | Reached skill level 11 in Air Magic
 15752 | Lair:1   | Killed Amaemon
 16394 | Lair:2   | Found a hole to the Spider Nest.
 16575 | Lair:2   | Reached **** piety under Vehumet
 16789 | Lair:2   | Noticed an eight-headed hydra
 16826 | Lair:2   | Killed an eight-headed hydra
 17025 | Lair:2   | Offered knowledge of Iskenderun's Battlesphere by Vehumet.
 17035 | Lair:2   | Learned a level 5 spell: Iskenderun's Battlesphere
 17762 | Lair:2   | Reached ***** piety under Vehumet
 17981 | Lair:3   | Reached XP level 13. HP: 76/76 MP: 26/26
 18267 | Lair:3   | Found a runed translucent gate.
 18267 | Lair:3   | Found a runed translucent gate.
 18271 | Lair:3   | Found a runed translucent gate.
 18609 | Lair:3   | Offered knowledge of Fireball by Vehumet.
 18661 | Lair:3   | Learned a level 5 spell: Fireball
 18680 | Lair:3   | Reached skill level 12 in Air Magic
 19045 | Lair:3   | Identified the +7 trident of Intuition {speed, Dex+2}
 19119 | Lair:3   | Noticed Caeppaus's ghost (journeyman GrFi)
 19455 | Lair:3   | Killed Caeppaus's ghost
 19456 | Lair:3   | Reached skill level 1 in Fire Magic
 19647 | Lair:3   | Reached skill level 10 in Dodging
 19859 | Lair:4   | Reached skill level 1 in Armour
 20084 | Lair:4   | Reached skill level 10 in Stealth
 20300 | Lair:4   | Noticed Sonja
 20303 | Lair:4   | Killed Sonja
 20744 | Lair:4   | Found a staircase to the Shoals.
 21551 | Lair:4   | Found a staircase to the Shoals.
 21570 | Lair:4   | Reached skill level 1 in Evocations
 21570 | Lair:4   | Reached XP level 14. HP: 83/83 MP: 8/27
 22385 | Lair:5   | Offered knowledge of Iron Shot by Vehumet.
 22911 | Lair:5   | Noticed Josephine
 22963 | Lair:5   | Killed Josephine
 23979 | Lair:5   | Reached skill level 13 in Air Magic
 24258 | Lair:6   | Entered Level 6 of the Lair of Beasts
 24525 | D:3      | Killed Antichthon's ghost
 24711 | D:7      | Killed zeratav's ghost
 24913 | D:8      | Identified the +0 robe "Liozusiru" {Will++}
 25789 | Lair:6   | Reached XP level 15. HP: 89/89 MP: 29/29
 25873 | Lair:6   | Reached skill level 5 in Fire Magic
 25938 | Lair:6   | Reached skill level 5 in Armour
 26067 | Lair:6   | Offered knowledge of Lightning Bolt by Vehumet.
 26102 | Lair:6   | Got Sif Muna's Guide on Calling and Dislocation
 26387 | Lair:6   | Found a staircase to the Slime Pits.
 27787 | D:12     | Found the +18 shield of the Gong {rElec rN+ Will+ EV-5}
 28057 | D:12     | Found a staircase to the Orcish Mines.
 28231 | Orc:1    | Entered Level 1 of the Orcish Mines
 28246 | Orc:1    | Found Ismepaeh's Antique Weapon Shoppe.
 28687 | Orc:1    | Found Zokh's Armour Shop.
 28797 | Orc:1    | Found Tol Utot's Antique Armour Boutique.
 28911 | Orc:1    | Noticed Erica
 28917 | Orc:1    | Killed Erica
 29085 | Orc:2    | Entered Level 2 of the Orcish Mines
 29218 | Orc:2    | Offered knowledge of Eringya's Noxious Bog by Vehumet.
 29381 | Orc:2    | Found Oqaaweeg's General Store.
 29499 | Orc:2    | Noticed an orc warlord
 29652 | Orc:2    | Killed an orc warlord
 30096 | Orc:2    | Found Wicea's Book Emporium.
 30171 | Orc:2    | Bought a book of Spatial Translocations for 364 gold pieces
 30174 | Orc:2    | Learned a level 2 spell: Blink
 30228 | Orc:2    | Found a staircase to the Elven Halls.
 30262 | Orc:2    | Found Duaqurch's Antique Weapon Shoppe.
 30525 | Orc:2    | Found Lameucome's Antique Armour Shop.
 31734 | D:13     | Reached skill level 14 in Air Magic
 31788 | D:13     | Reached skill level 1 in Translocations
 31788 | D:13     | Reached skill level 5 in Evocations
 31798 | D:13     | Reached XP level 16. HP: 96/96 MP: 23/30
 31967 | D:13     | Found a gate to the Vaults.
 32226 | D:14     | Reached skill level 10 in Spellcasting
 32518 | D:14     | Reached skill level 10 in Shields
 33567 | D:14     | Found a sparkling altar of Nemelex Xobeh.
 33618 | D:15     | Entered Level 15 of the Dungeon
 33686 | D:15     | Found a frozen archway.
 33803 | IceCv    | Entered an ice cave
 33954 | IceCv    | Demolished by a spriggan defender simulacrum

Illustrated notes

Levels and vault maps discovered:
D:1:      minmay_arrival_cross, layout_basic, minmay_tall_x
D:2:      layout_rooms, ebering_ecumenical_altar_mist, serial_forest,
          infiniplex_forest_lined_3, infiniplex_forest_zigzag_1,
          infiniplex_forest_clump_double, infiniplex_forest_corner_2,
          infiniplex_forest_end_2, infiniplex_forest_zigzag_1,
          infiniplex_forest_straight_5, infiniplex_forest_clump_curved,
          uniq_robin
D:3:      layout_basic, gammafunk_ghost_gnarly_gnolls
D:4:      layout_basic, serial_shops, shop, kennysheep_diamond
D:5:      layout_rooms, gammafunk_temple_overflow_elements,
          minmay_temple_entry_drinking_statues
D:6:      layout_rooms, minmay_gold_behind_fungi
D:7:      layout_cave_pools, gammafunk_ghost_berserking_beasts
D:8:      layout_gridville, grunt_gozag_breadcrumbs, wad_hexagon
D:9:      layout_rooms, lemuel_tele_altar, erik_lair_island, enter_bailey_5,
          uniq_erolcha
D:10:     layout_basic, st_stairs_13, uniq_maggie
D:11:     layout_gridville
D:12:     layout_basic, kennysheep_orc_monster_closet_entryway,
          hellmonk_guarded_unrand_gong
D:13:     layout_roguey, grunt_vaults_entry_fortified
D:14:     layout_basic, nemelex_lonely_heart_becter, minmay_quadrilaterals
D:15:     grunt_enter_depths_giant_problem, layout_loops_ring,
          portal_ice_cave_entry_ugly_swarm, dk_noncrumbling_2
Temple:   regret_index_temple_mists
Lair:1:   layout_regular_city, uniq_nergalle, uniq_amaemon, uniq_grum
Lair:2:   layout_gridlike, dummy_spider_entry, special_room [special_room_bee],
          grunt_megastairs_4
Lair:3:   layout_regular_city, ebering_ghost_rock_garden, serial_bayou_pond_c,
          lemuel_fruit_tree, grunt_megastairs_5
Lair:4:   layout_concentric_octagons, minmay_shoals_entry_hut,
          minmay_hedge_maze, uniq_sonja
Lair:5:   layout_small_grid, kennysheep_rathole, wad_woods_river_01,
          uniq_josephine
Lair:6:   grunt_lair_end_beastmaster, layout_concentric_octagons,
          nicolae_slime_entry_slimehenge, serial_bayou_shore_b
Orc:1:    layout_diamond_mine, serial_shops, nicolae_lakefront_shop,
          nicolae_diamond_shop, nicolae_shop_advertising_works
          [nicolae_subvault_shop_adworks], uniq_erica
Orc:2:    grunt_orc_gardens, layout_caves, grunt_orc_garden, grunt_orc_garden,
          grunt_orc_garden, grunt_orc_garden, basic_altar
IceCv:    ice_cave_small_demon

Skill      XL: |  1  2  3  4  5  6  7  8  9 10 11 12 13 14 15 16 |
---------------+-------------------------------------------------+-----
Conjurations   | 2 3 4 5 6 7 8 10 11 12 13 | 13.9
Dodging        | 3 4 5 6 7 8 9 10 11 12 | 12.0
Stealth        | 3 4 5 6 7 8 9 10 11 | 11.9
Spellcasting   | 3 4 5 6 7 8 9 10 | 10.1
Air Magic      | 5 6 7 8 9 10 11 12 13 14 | 14.2
Shields        | 1 2 4 5 6 7 8 9 10 | 10.1
Fighting       | 1 3 4 6 7 8 9 |  9.6
Fire Magic     | 3 4 6 |  6.6
Armour         | 3 4 6 |  6.7
Evocations     | 1 3 5 |  5.4
Translocations | 1 2 |  2.1

Action                   |  1- 3 |  4- 6 |  7- 9 | 10-12 | 13-15 | 16-18 || total
-------------------------+-------+-------+-------+-------+-------+-------++-------
Melee: Trident           |     5 |     2 |       |       |       |       ||     7
       Staff             |       |     1 |       |     1 |     1 |       ||     3
       Kick              |       |     1 |       |     1 |     1 |       ||     3
       Peck              |       |     1 |       |       |     1 |       ||     2
 Cast: Shock             |    77 |    96 |   254 |   458 |   843 |   101 ||  1829
       Static Discharge  |       |       |    19 |    86 |     3 |       ||   108
       Airstrike         |       |       |       |   106 |     8 |       ||   114
       Iskenderun's Myst |       |       |       |    40 |   107 |    34 ||   181
       Fulminant Prism   |       |       |       |    41 |       |       ||    41
       Conjure Flame     |       |       |       |     4 |     1 |       ||     5
       Swiftness         |       |       |       |     2 |     1 |       ||     3
       Iskenderun's Batt |       |       |       |     9 |   150 |    25 ||   184
       Fireball          |       |       |       |       |    39 |     5 ||    44
       Blink             |       |       |       |       |     1 |       ||     1
Evoke: Wand              |       |       |       |       |       |     1 ||     1
  Use: Scroll            |       |     4 |     3 |     7 |     9 |     1 ||    24
       Potion            |       |       |     1 |     2 |       |       ||     3
 Stab: Sleeping          |       |     1 |       |       |       |       ||     1
Armor: Robe              |     4 |     3 |     7 |     2 |       |       ||    16
       Troll leather arm |       |       |       |    30 |    44 |    11 ||    85
Dodge: Dodged            |    12 |    12 |    65 |   107 |   105 |    22 ||   323
Block: Buckler           |       |       |    35 |   126 |   156 |    19 ||   336
       Reflection        |       |       |     4 |    10 |    26 |     6 ||    46

Table legend: (Time is in decaauts)
 A = Elapsed time spent in this place.
 B = Non-inter-level travel time spent in this place.
 C = Inter-level travel time spent in this place.
 D = Time resting spent in this place.
 E = Time spent auto-exploring this place.
 F = Levels seen in this place.
 G = Mean time per level.
                   A        B        C        D        E       F      G
               +--------+--------+--------+--------+--------+-----+--------+
         Total |  32445 |  30716 |   1729 |   2546 |  22104 |  26 | 1247.9 |
       Dungeon |  16367 |  15199 |   1168 |   1280 |  11063 |  15 | 1091.1 |
        Temple |    165 |    165 |      0 |      0 |    149 |   1 |  165.0 |
          Lair |  12084 |  11611 |    473 |    496 |   8753 |   6 | 2014.0 |
  Orcish Mines |   2023 |   1936 |     87 |    154 |   1370 |   2 | 1011.5 |
        Bailey |   1655 |   1655 |      0 |    616 |    631 |   1 | 1655.0 |
      Ice Cave |    149 |    149 |      0 |      0 |    136 |   1 |  149.0 |
               +--------+--------+--------+--------+--------+-----+--------+

Top non-repeatable levels by time:
  Lair:1: 2552 daAuts
  Lair:4: 2253 daAuts
  Lair:3: 2097 daAuts
  Lair:5: 1814 daAuts
  Lair:2: 1713 daAuts
     D:9: 1691 daAuts
  Bailey: 1655 daAuts
  Lair:6: 1653 daAuts
     D:8: 1558 daAuts
    D:13: 1511 daAuts
     D:1: 1390 daAuts
    D:10: 1385 daAuts
   Orc:2: 1329 daAuts
    D:14: 1263 daAuts
    D:12: 1249 daAuts
